 Dungeon Crawl Stone Soup version 0.30-a0-824-g6c64550be9 (webtiles) character file.

Game seed: 16607023563911641037

368 bobo the Firebug (level 7, -8/49 HPs)
             Began as a Human Fire Elementalist on Feb 28, 2023.
             Was a Follower of Vehumet.
             Engulfed by a cloud of flame (17 damage)
             ... on level 3 of the Dungeon.
             The game lasted 00:08:45 (2734 turns).

bobo the Firebug (Human Fire Elementalist)          Turns: 2734, Time: 00:08:46

Health: -8/49      AC:  6    Str:  8    XL:     7   Next: 1%
Magic:  3/13       EV: 12    Int: 18    God:    Vehumet [*.....]
Gold:   87         SH:  5    Dex: 16    Spells: 3/14 levels left

rFire   . . .      SeeInvis .    e - +3 whip (elec)
rCold   . . .      Faith    .    (no shield)
rNeg    + . .      Spirit   .    b - +2 robe {rN+}
rPois   .          Reflect  +    (no helmet)
rElec   .          Harm     .    (no cloak)
rCorr   .          Rampage  .    m - +0 pair of gloves {Dex+3}
Will    .....                    k - +0 pair of boots
Stlth   ++                       p - amulet of reflection
HPRegen 0.28/turn                u - ring of flight
MPRegen 0.13/turn                (no ring)

@: flying
A: no striking features
a: Renounce Religion


You were on level 3 of the Dungeon.
You worshipped Vehumet.
Vehumet was aware of your devotion.
You visited 1 branch of the dungeon, and saw 3 of its levels.

You collected 87 gold pieces.

Inventory:

Hand Weapons
 e - a +3 whip of electrocution (weapon)
 q - a +1 dagger of venom
Armour
 b - a +2 robe of positive energy (worn)
 k - a +0 pair of boots (worn)
 m - a +0 pair of gloves of dexterity (worn)
Jewellery
 p - an amulet of reflection (around neck)
 u - a ring of flight (left hand)
Scrolls
 d - a scroll of enchant armour {unknown}
 f - a scroll of immolation {unknown}
 g - a scroll of amnesia {unknown}
 h - 2 scrolls of teleportation {unknown}
 j - 2 scrolls of enchant weapon {unknown}
 l - 2 scrolls of poison {unknown}
 o - a scroll of silence {unknown}
 r - a scroll of acquirement {unknown}
 s - a scroll of blinking {unknown}
 t - a scroll of magic mapping {unknown}
Potions
 a - a potion of attraction
 c - 2 potions of curing
 i - a potion of heal wounds
 n - 2 potions of brilliance


   Skills:
 + Level 1.8 Fighting
 - Level 2.0 Dodging
 - Level 2.0 Stealth
 + Level 4.0 Spellcasting
 - Level 3.1 Conjurations
 + Level 4.8 Fire Magic


You had 3 spell levels left.
You knew the following spells:

 Your Spells              Type           Power      Damage    Failure   Level
a - Foxfire               Conj/Fire      68%        2x1d7     3%          1
e - Inner Flame           Hex/Fire       12%        N/A       17%         3
s - Sandblast             Erth           6%         2d5       14%         1
w - Flame Wave            Conj/Fire      17%        2d7       28%         4
z - Scorch                Fire           40%        2d7       3%          2

Your spell library contained the following spells:

 Spells                   Type           Power      Damage    Failure   Level
 Kindle Blastsparks       Fire/Tloc/Air  18%        2d11      22%         3


Dungeon Overview and Level Annotations

Branches:
Dungeon (3/15)

Altars:
Vehumet
Zin

Annotations:
D:1 exclusion: downstairs


Message History

You feel agile.
A jackal and a hobgoblin come into view.
The jackal barks!
The hobgoblin shouts!
The jackal moves out of view.
You hear a bark!
Casting: Scorch (safe; 3% risk of failure)
Confirm with . or Enter, or press ? or * to list all spells.
Flames lash the hobgoblin.
The hobgoblin is heavily wounded.
The hobgoblin's fire resistance burns away.
A jackal comes into view.
Casting: Scorch (safe; 3% risk of failure)
Confirm with . or Enter, or press ? or * to list all spells.
Aiming: Inner Flame (dangerous; 17% risk of failure)
Press: ? - help, Dir - move target, f - jackal
Aim: a jackal (chance to affect: 79%)
The jackal is filled with an inner flame.
The hobgoblin hits you.
Casting: Inner Flame (dangerous; 17% risk of failure)
Confirm with . or Enter, or press ? or * to list all spells.
The spell is quite dangerous to miscast (28% risk of failure)!
Continue anyway?
Casting: Flame Wave (quite dangerous; 28% risk of failure)
Press: ? - help, Dir - look around, f - activate A wave of flame ripples out!
The flame wave engulfs the hobgoblin!
The hobgoblin is burned terribly!
You kill the hobgoblin!
Vehumet accepts your kill. (Press . to intensify the flame waves.)
The jackal closely misses you.
A wave of flame ripples out!
The flame wave engulfs the jackal!
Vehumet accepts your kill.
The flame wave engulfs the jackal.
You kill the jackal!
Vehumet accepts your kill.
The jackal explodes!
The fiery explosion engulfs you!!!
Ouch! That really hurt!
* * * LOW HITPOINT WARNING * * *
You are engulfed in blazing flames.
You die...

##.....# ######
#......> #....#.#
#........ #....#..
.......... #....#.#
.#........
#....#.##.......... #
#§§§ #...# ........
#..##§###...# ........
#...§@§.....# #.......
#...........# ##.....#
##########..#####.....
#.........###.
#.###........# #.#
#..####.#
#.####...###.#
#.##...#......
#####....######..#


There were no monsters in sight!

Vanquished Creatures
  Sigmund (D:2)
  3 orc priests (D:3)
  Jessica (D:2)
  An adder (D:3)
  3 dart slugs
  12 orcs (D:3)
  2 ball pythons (D:3)
  4 endoplasms
  A giant cockroach (D:3)
  5 goblins
  8 hobgoblins
  2 jackals (D:3)
  2 quokkas (D:1)
  4 bats
  4 frilled lizards
  4 kobolds
  3 rats
60 creatures vanquished.

Vanquished Creatures (others)
  165 foxfires
165 creatures vanquished.

Grand Total: 225 creatures vanquished

Notes
Turn   | Place    | Note
-------+----------+-------------------------------------------
     0 | D:1      | bobo the Human Fire Elementalist began the quest for the
                  | Orb.
     0 | D:1      | Reached XP level 1. HP: 13/13 MP: 3/3
   377 | D:1      | Reached XP level 2. HP: 19/19 MP: 0/5
   380 | D:1      | Learned a level 2 spell: Scorch
   891 | D:1      | Reached XP level 3. HP: 24/24 MP: 4/6
   895 | D:1      | Learned a level 3 spell: Inner Flame
  1090 | D:2      | Noticed Jessica
  1225 | D:2      | Found a radiant altar of Vehumet.
  1234 | D:2      | Noticed Sigmund
  1236 | D:2      | Became a worshipper of Vehumet
  1253 | D:2      | Killed Sigmund
  1254 | D:2      | Reached XP level 4. HP: 27/30 MP: 2/9
  1254 | D:2      | Reached XP level 5. HP: 32/35 MP: 2/10
  1254 | D:2      | Reached XP level 6. HP: 37/41 MP: 2/11
  1259 | D:2      | Learned a level 4 spell: Flame Wave
  1666 | D:2      | Killed Jessica
  2055 | D:3      | Reached skill level 1 in Fighting
  2103 | D:3      | Found a glowing silver altar of Zin.
  2235 | D:3      | Reached * piety under Vehumet
  2235 | D:3      | Offered knowledge of Sandblast by Vehumet.
  2254 | D:3      | Learned a level 1 spell: Sandblast
  2612 | D:3      | Reached XP level 7. HP: 38/49 MP: 8/13
  2734 | D:3      | Engulfed by a cloud of flame

Illustrated notes

Levels and vault maps discovered:
D:1:      dpeg_arrival_rhombus, layout_basic, serial_curves, eino_curves_03,
          eino_curves_01, eino_curves_02, eino_curves_01, minmay_statues_item,
          hex_tiny
D:2:      layout_rooms, basic_altar, uniq_sigmund, uniq_jessica
D:3:      layout_rooms, marbit_many_paths, nrook_mini_vaults

Skill      XL: |  1  2  3  4  5  6 |
---------------+-------------------+-----
Spellcasting   | 3 4 |  4.0
Conjurations   | 3 |  3.1
Fire Magic     | 4 |  4.8
Fighting       | 1 |  1.8
Dodging        | |  2.0
Stealth        | |  2.0

Action                     |  1- 3 |  4- 6 |  7- 9 || total
---------------------------+-------+-------+-------++-------
  Melee: Unarmed           |     5 |       |       ||     5
         Club              |     8 |     2 |       ||    10
         Punch             |     1 |       |       ||     1
         Dagger            |       |     7 |       ||     7
         Whip              |       |     1 |     1 ||     2
   Cast: Foxfire           |    40 |    51 |     1 ||    92
         Scorch            |       |     7 |     1 ||     8
         Inner Flame       |       |     5 |     1 ||     6
         Sandblast         |       |     1 |       ||     1
         Flame Wave        |       |       |     1 ||     1
    Use: Potion            |     1 |       |       ||     1
         Scroll            |       |     4 |       ||     4
 Armour: Robe              |     2 |     2 |       ||     4
  Dodge: Dodged            |     9 |     8 |     1 ||    18

Table legend: (Time is in decaauts)
 A = Elapsed time spent in this place.
 B = Non-inter-level travel time spent in this place.
 C = Inter-level travel time spent in this place.
 D = Time resting spent in this place.
 E = Time spent auto-exploring this place.
 F = Levels seen in this place.
 G = Mean time per level.
                   A        B        C        D        E       F      G
               +--------+--------+--------+--------+--------+-----+--------+
         Total |   2738 |   2569 |    169 |    245 |   1820 |   3 |  912.7 |
       Dungeon |   2738 |   2569 |    169 |    245 |   1820 |   3 |  912.7 |
               +--------+--------+--------+--------+--------+-----+--------+

Top non-repeatable levels by time:
     D:1: 1194 daAuts
     D:2: 870 daAuts
     D:3: 673 daAuts
